[Event "Titled Tuesday Blitz August 15 Early 2023"]
[White "KSho99"]
[Black "Li, Hui"]
[BlackFideId "15400310"]
[WhiteElo "2219"]
[BlackElo "2332"]
[Result "0-1"]
[Round "8"]
[TimeControl "180+1"]
[Date "2023.08.15"]
[WhiteClock "0:00:00"]
[BlackClock "0:00:02"]
[Board "156"]

1. d4 d5 2. Nc3 Nf6 3. Bf4 c5 4. e4 Nxe4 5. Nxe4 dxe4 6. dxc5 Qa5+ 7. c3 Qxc5 8. Qa4+ Nc6 9. Qxe4 g6 10. Nf3 Bg7 11. Qe3 Qxe3+ 12. Bxe3 Bg4 13. Be2 O-O 14. h3 Bf5 15. O-O Rfd8 16. a4 Bc2 17. a5 a6 18. Rfc1 Bd3 19. Kf1 Bxe2+ 20. Kxe2 Rd5 21. Bb6 Rc8 22. Rd1 Rb5 23. Rd2 Ne5 24. Nxe5 Bxe5 25. Rad1 Bc7 26. c4 Re5+ 27. Kf3 Bxb6 28. axb6 Rc6 29. Rd8+ Kg7 30. R1d7 Rf6+ 31. Kg3 Rxb6 32. Rc8 Rxb2 33. Rcc7 a5 34. Rxb7 Rxb7 35. Rxb7 e6 36. Rb5 Re4 37. Rxa5 Rxc4 38. Ra7 h5 39. Ra3 h4+ 40. Kh2 g5 41. Re3 Kg6 42. g3 hxg3+ 43. Kxg3 Rf4 44. Re2 Rf5 45. Re3 Rd5 46. Re4 e5 47. Re3 f5 48. Re1 e4 49. Ra1 Rd3+ 50. Kg2 Rd5 51. Ra6+ Kh5 52. Ra8 g4 53. Rh8+ Kg5 54. h4+ Kf4 55. h5 Rd2 56. h6 e3 57. Kg1 exf2+ 58. Kf1 Kf3 0-1


[Site "https://www.chess.com"]

[Event "Titled Tuesday Blitz August 15 Early 2023"]
[White "Tharushi, T H D Niklesha"]
[Black "UgarteCesar"]
[WhiteFideId "9918264"]
[WhiteElo "2173"]
[BlackElo "2329"]
[Result "0-1"]
[Round "8"]
[TimeControl "180+1"]
[Date "2023.08.15"]
[WhiteClock "0:01:26"]
[BlackClock "0:01:50"]
[Board "157"]

1. e4 c5 2. Nf3 Nc6 3. d4 cxd4 4. Nxd4 Qb6 5. Nb3 Nf6 6. Nc3 e6 7. Be3 Qc7 8. Be2 a6 9. O-O b5 10. Qd2 b4 11. Na4 Nxe4 12. Qd3 d5 13. Nb6 Rb8 14. Nxc8 Qxc8 15. Qxa6 Qxa6 16. Bxa6 Be7 17. f3 Nf6 18. Nc5 O-O 19. Nb3 Nd7 20. Rad1 Nce5 21. Rd2 Ra8 22. Bb7 Rxa2 23. f4 Nc4 24. Re2 Nxe3 25. Rxe3 Nc5 26. Kh1 Nxb7 0-1


[Site "https://www.chess.com"]

[Event "Titled Tuesday Blitz August 15 Early 2023"]
[White "campochess"]
[Black "Bogaudinov, Rushan"]
[BlackFideId "4129288"]
[WhiteElo "2169"]
[BlackElo "2326"]
[Result "0-1"]
[Round "8"]
[TimeControl "180+1"]
[Date "2023.08.15"]
[WhiteClock "0:00:00"]
[BlackClock "0:00:49"]
[Board "158"]

1. d4 a5 2. e4 h5 3. Nf3 h4 4. h3 a4 5. a3 e6 6. c4 c5 7. d5 d6 8. Nc3 Nf6 9. Bg5 Be7 10. Bxh4 Qa5 11. Bxf6 Bxf6 12. Qd2 exd5 13. Nxd5 Qxd2+ 14. Kxd2 Bd8 15. Bd3 O-O 16. Rae1 Nc6 17. e5 dxe5 18. Nxe5 Nd4 19. g4 Be6 20. f4 Ba5+ 21. Nc3 Rad8 22. Ke3 Rfe8 23. Kf2 f6 24. Ng6 Bxc3 25. bxc3 Nb3 26. Bf1 Nd2 27. f5 Bxc4 28. Bxc4+ Nxc4 29. Rxe8+ Rxe8 30. Rd1 b5 31. Rd7 Nxa3 32. Rc7 c4 33. h4 Nb1 34. h5 Nxc3 35. h6 gxh6 36. Kf3 a3 37. Ra7 b4 38. Nf4 a2 39. Nh5 Re7 40. Ra6 b3 41. Nxf6+ Kf7 42. Nh5 b2 43. Rf6+ Ke8 0-1


[Site "https://www.chess.com"]

[Event "Titled Tuesday Blitz August 15 Early 2023"]
[White "Johnson, Ben"]
[Black "Sovetbekova, Nurai"]
[WhiteFideId "2010917"]
[BlackFideId "13801910"]
[WhiteElo "2146"]
[BlackElo "2325"]
[Result "1-0"]
[Round "8"]
[TimeControl "180+1"]
[Date "2023.08.15"]
[WhiteClock "0:01:14"]
[BlackClock "0:02:19"]
[Board "159"]

1. Nf3 d5 2. e3 Nf6 3. c4 dxc4 4. Bxc4 e6 5. d4 Be7 6. O-O O-O 7. Nc3 Nd5 8. e4 Nxc3 9. bxc3 c5 10. Be3 Nc6 11. d5 Na5 12. Be2 exd5 13. exd5 b6 14. Qd2 Bf6 15. Rab1 Bf5 16. Rb5 Qd7 17. Bxc5 bxc5 18. Rxa5 1-0


[Site "https://www.chess.com"]

[Event "Titled Tuesday Blitz August 15 Early 2023"]
[White "Ghosh, Chanchal Kumer"]
[Black "Iunusovnuriddin"]
[WhiteFideId "10201858"]
[WhiteElo "2140"]
[BlackElo "2315"]
[Result "1-0"]
[Round "8"]
[TimeControl "180+1"]
[Date "2023.08.15"]
[WhiteClock "0:00:09"]
[BlackClock "0:00:14"]
[Board "160"]

1. e4 e5 2. Nf3 Nc6 3. Bc4 Nf6 4. Ng5 d5 5. exd5 Na5 6. Bb5+ c6 7. dxc6 bxc6 8. Qf3 cxb5 9. Qxa8 Qc7 10. Nc3 Nc6 11. Nxb5 Qd7 12. O-O Be7 13. Nf3 O-O 14. d4 Bb7 15. Nxe5 Nxe5 16. Qxa7 Qxb5 17. dxe5 Bc5 18. c4 Qc6 19. Qxb7 Qxb7 20. exf6 gxf6 21. a3 Bd4 22. Rb1 Qb3 23. Bh6 Rc8 24. Rbd1 Qxc4 25. Rd2 Re8 26. Rfd1 Be5 27. g3 Qc6 28. b4 f5 29. Be3 Ra8 30. Rd3 Qc2 31. Bh6 Bg7 32. Rd8+ 1-0


[Site "https://www.chess.com"]

[Event "Titled Tuesday Blitz August 15 Early 2023"]
[White "Samaganova, Aleksandra"]
[Black "Sava, Christiansen-Danut-Eugen"]
[WhiteFideId "13800221"]
[BlackFideId "1210114"]
[WhiteElo "2312"]
[BlackElo "2138"]
[Result "1-0"]
[Round "8"]
[TimeControl "180+1"]
[Date "2023.08.15"]
[WhiteClock "0:02:55"]
[BlackClock "0:02:07"]
[Board "161"]

1. c4 Nf6 2. Nc3 e6 3. e4 d5 4. e5 d4 5. exf6 dxc3 6. bxc3 Qxf6 7. Nf3 c5 8. Bd3 Nc6 9. Be4 Bd6 10. d4 O-O 11. Bg5 1-0


[Site "https://www.chess.com"]

[Event "Titled Tuesday Blitz August 15 Early 2023"]
[White "Muhammad Shahzeb"]
[Black "Novikova, Margarita"]
[WhiteFideId "7804806"]
[BlackFideId "14109689"]
[WhiteElo "2299"]
[BlackElo "2136"]
[Result "1-0"]
[Round "8"]
[TimeControl "180+1"]
[Date "2023.08.15"]
[WhiteClock "0:01:05"]
[BlackClock "0:00:00"]
[Board "162"]

1. e4 e5 2. Nf3 Nc6 3. d4 exd4 4. Nxd4 Bc5 5. Nxc6 Qf6 6. Qd2 Qxc6 7. Bd3 d6 8. Nc3 a6 9. Qg5 Bd4 10. O-O Bf6 11. Qg3 Ne7 12. Bg5 Bxg5 13. Qxg5 Ng6 14. h4 h6 15. Qg3 O-O 16. Nd5 Be6 17. h5 Bxd5 18. exd5 Qxd5 19. hxg6 fxg6 20. Qxg6 Qg5 21. Qh7+ Kf7 22. Rae1 Rae8 23. Qf5+ Qxf5 24. Bxf5 Kf6 25. Be4 c6 26. c4 Re5 27. f4 Re7 28. Bd3 Rfe8 29. Kf2 d5 30. cxd5 cxd5 31. Rxe7 Rxe7 32. Re1 Rc7 33. Re5 Rd7 34. Rf5+ Ke6 35. g4 Kd6 36. Ke3 Kc5 37. a3 Re7+ 38. Re5 Rf7 39. b4+ Kd6 40. Be2 g5 41. Rf5 Rxf5 42. gxf5 gxf4+ 43. Kxf4 d4 44. Bc4 h5 45. Ke4 b5 46. Be2 h4 47. Kxd4 h3 48. Bf3 h2 49. Bb7 Ke7 50. Bh1 Kf6 51. Kc5 Kxf5 52. Kb6 Ke5 53. Kxa6 Kd4 54. Kxb5 Kc3 55. a4 Kb3 56. a5 Kc3 57. a6 1-0


[Site "https://www.chess.com"]

[Event "Titled Tuesday Blitz August 15 Early 2023"]
[White "Saucey, Michel"]
[Black "Kriti Mayur Patel"]
[WhiteFideId "601845"]
[BlackFideId "35061780"]
[WhiteElo "2290"]
[BlackElo "2076"]
[Result "0-1"]
[Round "8"]
[TimeControl "180+1"]
[Date "2023.08.15"]
[WhiteClock "0:00:00"]
[BlackClock "0:00:17"]
[Board "163"]

1. d4 d5 2. c4 e6 3. Nf3 Nf6 4. Nc3 Be7 5. Bg5 O-O 6. e3 h6 7. Bh4 Ne4 8. Bxe7 Qxe7 9. Rc1 c6 10. Bd3 Nxc3 11. Rxc3 Nd7 12. O-O e5 13. dxe5 Nxe5 14. Nxe5 Qxe5 15. cxd5 cxd5 16. Bb1 Be6 17. Qd2 Rfd8 18. Rd3 Rac8 19. Rd4 Qf6 20. h3 Rc4 21. Rd1 Rxd4 22. Qxd4 Qg5 23. h4 Qg4 24. Qxg4 Bxg4 25. Rd4 Be6 26. Rd1 Bg4 27. f3 Be6 28. Kf2 Rc8 29. Ke2 Kf8 30. Kd2 Ke7 31. a3 Rc4 32. Bd3 Rxh4 33. Rc1 Kd6 34. Ke2 Rh2 35. Kf2 Rh4 36. Rc3 Ra4 37. Rc1 d4 38. e4 Bd7 39. f4 Bc6 40. e5+ Ke7 41. g3 Ra5 42. Rc4 Rd5 43. b4 Bb5 44. Rc7+ Kd8 45. Rxb7 Bxd3 46. Rxf7 Bc4 0-1


[Site "https://www.chess.com"]

[Event "Titled Tuesday Blitz August 15 Early 2023"]
[White "Larina, Maria"]
[Black "Blokhin, Sofia"]
[WhiteFideId "24113182"]
[BlackFideId "4508190"]
[WhiteElo "2120"]
[BlackElo "2284"]
[Result "1/2-1/2"]
[Round "8"]
[TimeControl "180+1"]
[Date "2023.08.15"]
[WhiteClock "0:00:06"]
[BlackClock "0:00:07"]
[Board "164"]

1. e4 c5 2. Nc3 e6 3. Nf3 a6 4. g3 Nc6 5. Bg2 g6 6. d4 cxd4 7. Nxd4 Bg7 8. Nxc6 bxc6 9. Qd6 Qe7 10. e5 f6 11. Qxe7+ Nxe7 12. exf6 Bxf6 13. Ne4 Be5 14. O-O O-O 15. Bh6 Rd8 16. c3 d5 17. Nc5 Bf6 18. Bh3 e5 19. Bg2 Nf5 20. Bd2 e4 21. Rad1 Rb8 22. Bc1 Rb5 23. Nb3 a5 24. Bh3 a4 25. Bxf5 axb3 26. Bxc8 bxa2 27. Be6+ Kf8 28. Bh6+ Ke7 29. Bg4 Rxb2 30. Ra1 Bxc3 31. Rfc1 d4 32. Bg5+ Ke8 33. Bxd8 Kxd8 34. Bd1 Rd2 35. Kf1 Bxa1 36. Rxa1 Rb2 37. Ke1 Rb1 38. Rxa2 c5 39. Ra5 Rc1 40. Kd2 Rc3 41. Ra7 e3+ 42. fxe3 Rxe3 43. Rxh7 c4 44. Bg4 c3+ 45. Kc2 Re4 46. Bf3 Re3 47. Bd5 Re2+ 48. Kb3 Rb2+ 49. Ka3 Rb5 50. Bb3 Ra5+ 51. Kb4 Ra1 52. Kc4 Ra3 53. Rb7 Ra2 54. Kxd4 c2 55. Bxc2 Rxc2 56. h4 Rg2 57. Rb3 Ke8 58. Ke4 Kf7 59. Kf4 Kf6 60. g4 Rf2+ 61. Kg3 Ra2 62. Rb6+ Kf7 63. Rb3 Ra4 64. Rf3+ Kg7 65. g5 Rb4 66. Re3 Ra4 67. Rd3 Rb4 68. Rd7+ Kf8 69. Kh3 Rb5 70. Rd6 Rb4 71. Rxg6 Kf7 72. Rf6+ Kg7 73. Rf3 Kg6 74. Rg3 Kh5 75. Re3 Rxh4+ 76. Kg3 Rg4+ 77. Kh3 Rxg5 78. Re4 Kh6 79. Rh4+ Rh5 80. Rxh5+ Kxh5 1/2-1/2


[Site "https://www.chess.com"]

[Event "Titled Tuesday Blitz August 15 Early 2023"]
[White "Nikulina, Alena"]
[Black "Kohler, Aran"]
[WhiteFideId "4172051"]
[BlackFideId "1002856"]
[WhiteElo "2072"]
[BlackElo "2255"]
[Result "1-0"]
[Round "8"]
[TimeControl "180+1"]
[Date "2023.08.15"]
[WhiteClock "0:00:10"]
[BlackClock "0:00:13"]
[Board "165"]

1. e4 g6 2. d4 Bg7 3. Nc3 d6 4. Bg5 a6 5. a4 h6 6. Be3 Nd7 7. Bc4 e6 8. Nge2 Ne7 9. O-O b6 10. f4 Bb7 11. Kh1 d5 12. Bd3 dxe4 13. Bxe4 Bxe4 14. Nxe4 Nd5 15. Qd2 a5 16. Bg1 O-O 17. c3 Qe7 18. Nc1 Rad8 19. Nd3 N7f6 20. Nxf6+ Bxf6 21. Ne5 Bxe5 22. fxe5 Qg5 23. Qd3 f5 24. exf6 Rxf6 25. Rxf6 Qxf6 26. Rf1 Qg5 27. Qe4 Re8 28. c4 Nf6 29. Qc6 Re7 30. d5 Qe5 31. b3 Kg7 32. dxe6 Qxe6 33. Qf3 Qe5 34. Qd3 Qe4 35. Qg3 h5 36. Qc3 Qe6 37. Bd4 Rf7 38. Qf3 g5 39. Qb7 Kg6 40. Bxf6 Rxf6 41. Rxf6+ Qxf6 42. Qe4+ Kh6 43. h3 Qa1+ 44. Kh2 Qf6 45. Qe3 Qf4+ 46. Qxf4 gxf4 47. Kg1 Kg5 48. Kf2 h4 49. Kf3 Kf5 50. Kf2 Ke4 51. Ke2 c5 52. Kf2 Kd3 53. Kf3 Kc3 54. Kxf4 Kxb3 55. g4 hxg3 56. Kxg3 Kxa4 57. h4 Kb3 58. h5 Kxc4 59. h6 Kb3 60. h7 c4 61. h8=Q b5 62. Qa1 b4 63. Kf3 a4 64. Ke3 c3 65. Qb1+ Ka3 66. Kd3 b3 67. Qa1+ Kb4 68. Qxc3+ Ka3 69. Qa1+ Kb4 70. Kd2 a3 71. Qd4+ Kb5 72. Kc3 b2 73. Kc2 1-0


[Site "https://www.chess.com"]

[Event "Titled Tuesday Blitz August 15 Early 2023"]
[White "AndresDelgado77"]
[Black "Wilson, Otis"]
[BlackFideId "30904021"]
[WhiteElo "2253"]
[BlackElo "1985"]
[Result "0-1"]
[Round "8"]
[TimeControl "180+1"]
[Date "2023.08.15"]
[WhiteClock "0:00:00"]
[BlackClock "0:00:05"]
[Board "166"]

1. e4 d6 2. d4 Nf6 3. Nc3 e5 4. dxe5 dxe5 5. Qxd8+ Kxd8 6. Bc4 Be6 7. Bxe6 fxe6 8. f3 Bc5 9. Nge2 Nc6 10. Na4 Bb4+ 11. Bd2 Bxd2+ 12. Kxd2 Ke7 13. Nc5 b6 14. Nd3 Rad8 15. Ke3 Rhf8 16. c3 Nh5 17. b4 Nf4 18. Nexf4 exf4+ 19. Nxf4 Ne5 20. Ne2 Rd3+ 21. Kf2 Ng4+ 22. Kg3 Rd2 23. Nf4 Ne3 24. Rae1 g5 25. Nh5 Rxg2+ 26. Kh3 Rxf3+ 27. Ng3 g4+ 28. Kh4 h6 29. Rxe3 Rxe3 30. Kxg4 Rxc3 31. Re1 Rxh2 32. e5 Rg2 0-1


[Site "https://www.chess.com"]

[Event "Titled Tuesday Blitz August 15 Early 2023"]
[White "Clawitter, Craig"]
[Black "Zepeda Berlanga, Jan Enrique"]
[WhiteFideId "2023105"]
[BlackFideId "5132355"]
[WhiteElo "2243"]
[BlackElo "1970"]
[Result "1-0"]
[Round "8"]
[TimeControl "180+1"]
[Date "2023.08.15"]
[WhiteClock "0:00:08"]
[BlackClock "0:00:00"]
[Board "167"]

1. e4 c5 2. Nf3 d6 3. d4 cxd4 4. Nxd4 Nf6 5. Nc3 Nc6 6. Bc4 e6 7. Be3 Be7 8. Qe2 O-O 9. O-O-O d5 10. Ndb5 a6 11. exd5 axb5 12. dxc6 Qa5 13. Bxb5 bxc6 14. Bxc6 Rb8 15. Bd4 Ba6 16. Qe5 Qb4 17. Ne4 Rfc8 18. Bd7 Rc4 19. a3 Qb7 20. Ba4 Rbc8 21. Nc3 h6 22. h3 Bf8 23. Bb3 R4c7 24. g4 Bc4 25. Bxc4 Rxc4 26. Rhg1 Qf3 27. g5 hxg5 28. Rxg5 Kh8 29. Rdg1 1-0


[Site "https://www.chess.com"]

[Event "Titled Tuesday Blitz August 15 Early 2023"]
[White "Feliz Dotel, Dewar Bienvenido"]
[Black "Valle Maytin, Luis Enrique"]
[WhiteFideId "6402801"]
[BlackFideId "3503666"]
[WhiteElo "2189"]
[BlackElo "2364"]
[Result "0-1"]
[Round "8"]
[TimeControl "180+1"]
[Date "2023.08.15"]
[WhiteClock "0:00:00"]
[BlackClock "0:00:03"]
[Board "168"]

1. d4 d5 2. e3 Nf6 3. Nf3 Bg4 4. h3 Bxf3 5. Qxf3 e6 6. c4 c6 7. Nc3 Nbd7 8. Bd3 Bd6 9. Qe2 O-O 10. O-O Re8 11. cxd5 exd5 12. a3 Re6 13. Bf5 Re7 14. b4 a6 15. Na4 b5 16. Nc5 Nb6 17. Bd2 Nc4 18. a4 g6 19. Bd3 Bxc5 20. bxc5 Nxd2 21. Qxd2 Ne4 22. Bxe4 Rxe4 23. axb5 axb5 24. Qb2 Re7 25. h4 h5 26. g3 Rea7 27. Rxa7 Rxa7 28. Re1 f5 29. Qe2 Qa8 30. Qf3 Qb8 31. Rb1 Ra2 32. Kg2 Kf7 33. Qd1 Qe8 34. Ra1 Qe4+ 35. Kg1 Rxa1 36. Qxa1 Qe7 37. Qa8 Qc7 38. Qh8 Ke6 39. Qg8+ Kf6 40. Qh8+ Ke6 41. Qe8+ Kf6 42. Qf8+ Qf7 43. Qh8+ Ke7 44. Qc8 Qe8 45. Qc7+ Qd7 46. Qe5+ Kd8 47. Qb8+ Ke7 48. Qg8 Qe8 49. Qg7+ Qf7 50. Qe5+ Kf8 0-1


[Site "https://www.chess.com"]

[Event "Titled Tuesday Blitz August 15 Early 2023"]
[White "Mirzanurov, Bulat"]
[Black "Rodriguez Santiago, Jaime"]
[WhiteFideId "4184521"]
[BlackFideId "3100898"]
[WhiteElo "2206"]
[BlackElo "2266"]
[Result "0-1"]
[Round "8"]
[TimeControl "180+1"]
[Date "2023.08.15"]
[WhiteClock "0:00:00"]
[BlackClock "0:00:17"]
[Board "169"]

1. e4 c6 2. d4 d5 3. e5 Bf5 4. h4 h5 5. Bd3 Bxd3 6. Qxd3 Qa5+ 7. Nd2 Qa6 8. c4 e6 9. Ngf3 c5 10. O-O Nc6 11. Re1 Nh6 12. a3 Nf5 13. dxc5 Bxc5 14. b4 Bxb4 15. axb4 Qxa1 16. cxd5 Nce7 17. d6 Nd5 18. Qb5+ Kf8 19. Qxb7 Re8 20. Ne4 Qa4 21. Neg5 Nh6 22. Bd2 Rd8 23. Rc1 Kg8 24. Rc8 Qe8 25. d7 Qe7 26. Rxd8+ Qxd8 27. Nxe6 fxe6 28. Bg5 Ne7 29. Nd4 Kf7 30. f4 Nhf5 0-1


[Site "https://www.chess.com"]

[Event "Titled Tuesday Blitz August 15 Early 2023"]
[White "Kula, Robert"]
[Black "Floresvillar Gonzalez, Luis Migu"]
[WhiteFideId "1101218"]
[BlackFideId "5100542"]
[WhiteElo "2237"]
[BlackElo "2110"]
[Result "1-0"]
[Round "8"]
[TimeControl "180+1"]
[Date "2023.08.15"]
[WhiteClock "0:00:21"]
[BlackClock "0:00:12"]
[Board "170"]

1. d4 d5 2. c4 c6 3. Nc3 Nf6 4. Nf3 g6 5. Bf4 Bg7 6. e3 O-O 7. h3 Nbd7 8. c5 b6 9. b4 a5 10. a3 axb4 11. axb4 Rxa1 12. Qxa1 bxc5 13. bxc5 Ne4 14. Bd3 Ndxc5 15. Be2 Nxc3 16. Qxc3 Ne4 17. Qb4 Bd7 18. O-O Re8 19. Rc1 f6 20. Bd3 e5 21. Bh2 exd4 22. Nxd4 c5 23. Rxc5 Nxc5 24. Qxc5 Be6 25. Bb5 Bf8 26. Qc6 Bf7 27. Bc7 Qc8 28. Qb6 Re7 29. Bd8 Rb7 30. Qxf6 Bg7 31. Qc6 Rxb5 32. Qxc8 Rb1+ 33. Kh2 Be5+ 34. f4 Rb8 35. Qd7 Bg7 36. Ne6 Bxe6 37. Qxe6+ Kh8 38. Qe8+ 1-0


[Site "https://www.chess.com"]

[Event "Titled Tuesday Blitz August 15 Early 2023"]
[White "Stangl, Anita, Dr."]
[Black "Rivas Garcia, Victor"]
[WhiteFideId "4608801"]
[BlackFideId "2217740"]
[WhiteElo "2085"]
[BlackElo "2232"]
[Result "1/2-1/2"]
[Round "8"]
[TimeControl "180+1"]
[Date "2023.08.15"]
[WhiteClock "0:00:18"]
[BlackClock "0:00:13"]
[Board "171"]

1. e4 c5 2. Nf3 Nc6 3. d4 cxd4 4. Nxd4 Nf6 5. Nc3 e5 6. Nf5 d5 7. exd5 Bxf5 8. dxc6 bxc6 9. Qf3 Qd7 10. Bd3 Bxd3 11. cxd3 Be7 12. O-O O-O 13. Re1 Qc7 14. Bg5 Rad8 15. Bxf6 Bxf6 16. Ne4 Be7 17. Rac1 f5 18. Nc5 Rf6 19. Qg3 Rd5 20. d4 Bxc5 21. Rxc5 Rxc5 22. dxc5 f4 23. Qc3 Re6 24. Qc4 Kf7 25. Rd1 Kf6 26. Qe4 g6 27. g3 fxg3 28. fxg3 Kg7 29. Qd3 Qe7 30. Qd8 Qxc5+ 31. Kg2 Qc2+ 32. Rd2 Qe4+ 33. Kh3 Qf5+ 34. Kg2 Rf6 35. Rd7+ Kh6 36. Rd1 Qf2+ 37. Kh3 Qf5+ 38. Kg2 e4 39. Qd2+ g5 40. h4 Qf3+ 41. Kh3 e3 42. hxg5+ Kxg5 43. Qd8 Qh5+ 44. Kg2 Qf3+ 45. Kh3 Qh5+ 46. Kg2 Qf3+ 47. Kh3 1/2-1/2


[Site "https://www.chess.com"]

[Event "Titled Tuesday Blitz August 15 Early 2023"]
[White "Osiecki, Stanislaw"]
[Black "Zampronha, Wladimir Camilo"]
[WhiteFideId "1102990"]
[BlackFideId "2103087"]
[WhiteElo "2044"]
[BlackElo "2228"]
[Result "0-1"]
[Round "8"]
[TimeControl "180+1"]
[Date "2023.08.15"]
[WhiteClock "0:00:03"]
[BlackClock "0:00:21"]
[Board "172"]

1. e4 c5 2. c3 Nf6 3. e5 Nd5 4. d4 cxd4 5. Nf3 e6 6. cxd4 b6 7. a3 Bb7 8. Bd3 d6 9. O-O Nd7 10. Qe2 Be7 11. Bd2 O-O 12. Nc3 Nxc3 13. Bxc3 dxe5 14. dxe5 Nc5 15. Bc2 Ba6 16. Qe3 Bxf1 17. Rxf1 Qd5 18. Rd1 Qc4 19. b4 Nb7 20. Rd4 Qa2 21. Qe4 g6 22. Rd7 Rac8 23. Rd3 Rfd8 24. h4 Rxd3 25. Qxd3 Qxa3 26. Qd7 Qxc3 27. Qxe7 Qxc2 28. Qxb7 Qc7 29. Qe4 Qc4 30. Qe3 Qxb4 31. Qh6 Qf8 32. Qf4 b5 33. Ng5 Rc4 34. Ne4 Rxe4 35. Qxe4 Qb8 36. h5 b4 37. h6 b3 38. Kf1 b2 39. Qb1 a5 40. Ke1 a4 41. Kd1 Qb3+ 42. Kd2 a3 43. Qe4 b1=Q 44. Qa8+ Qb8 45. Qxa3 Q1b2+ 46. Qxb2 Qxb2+ 0-1


[Site "https://www.chess.com"]

[Event "Titled Tuesday Blitz August 15 Early 2023"]
[White "Petre, Nad-Titus"]
[Black "Grigoryan, Meri"]
[WhiteFideId "1204165"]
[BlackFideId "13300571"]
[WhiteElo "2574"]
[BlackElo "2117"]
[Result "1-0"]
[Round "8"]
[TimeControl "180+1"]
[Date "2023.08.15"]
[WhiteClock "0:00:56"]
[BlackClock "0:00:00"]
[Board "173"]

1. Nf3 d5 2. e3 Nf6 3. c4 c6 4. Nc3 Bg4 5. Qb3 Qb6 6. Qxb6 axb6 7. cxd5 Bxf3 8. gxf3 Nxd5 9. Nxd5 cxd5 10. a3 Nc6 11. Rb1 e5 12. b4 d4 13. Bb2 dxe3 14. fxe3 f6 15. Bb5 Bd6 16. Rc1 Kd7 17. h4 h5 18. Rg1 Bf8 19. Ke2 Rc8 20. Bd3 Ne7 21. Bb5+ Kd8 22. d4 Rxc1 23. Rxc1 exd4 24. Bxd4 Nc8 25. Rd1 Kc7 26. Rc1+ Kb8 27. Bd7 Bd6 28. f4 Bc7 29. Rg1 Nd6 30. Rxg7 Ne4 31. Re7 Ng3+ 32. Kf3 Rg8 33. Bxf6 Nf1 34. Re8+ Rxe8 35. Bxe8 Nd2+ 36. Ke2 Nc4 37. a4 Nd6 38. Bxh5 Nf5 39. Bg6 Nd6 40. h5 Nc4 41. h6 1-0


[Site "https://www.chess.com"]

[Event "Titled Tuesday Blitz August 15 Early 2023"]
[White "Politov, Pavel Y."]
[Black "Seletsky, Grigory"]
[WhiteFideId "24110515"]
[BlackFideId "14112191"]
[WhiteElo "2083"]
[BlackElo "2476"]
[Result "0-1"]
[Round "8"]
[TimeControl "180+1"]
[Date "2023.08.15"]
[WhiteClock "0:00:10"]
[BlackClock "0:00:48"]
[Board "174"]

1. e4 c5 2. Nf3 d6 3. d4 cxd4 4. Nxd4 Nf6 5. Nc3 a6 6. f3 e5 7. Nb3 Be6 8. Be3 Nbd7 9. Qd2 Be7 10. g4 O-O 11. g5 Nh5 12. O-O-O b5 13. a3 Qc7 14. Kb1 Nb6 15. Na5 Rab8 16. Nd5 Nxd5 17. exd5 Bd7 18. Bd3 Bd8 19. Nb3 a5 20. Nc1 b4 21. Ka2 bxa3 22. b3 Qb7 23. Rhg1 Bb6 24. Bxb6 Qxb6 25. Ne2 a4 26. Rb1 axb3+ 27. cxb3 g6 28. Ng3 Nxg3 29. hxg3 Qd4 30. Rh1 Rfc8 31. Qh2 h5 32. gxh6 Qxd3 33. h7+ Kh8 34. Qh4 Rc2+ 35. Kxa3 Qa6+ 36. Qa4 Rxb3+ 37. Rxb3 Qxa4# 0-1


[Site "https://www.chess.com"]

[Event "Titled Tuesday Blitz August 15 Early 2023"]
[White "Winkels, Marcel"]
[Black "Haszon, David"]
[WhiteFideId "1003887"]
[BlackFideId "733610"]
[WhiteElo "2072"]
[BlackElo "2476"]
[Result "1-0"]
[Round "8"]
[TimeControl "180+1"]
[Date "2023.08.15"]
[WhiteClock "0:00:28"]
[BlackClock "0:00:00"]
[Board "175"]

1. e4 c5 2. Nf3 e6 3. d4 cxd4 4. Nxd4 Nf6 5. Nc3 Nc6 6. Ndb5 d6 7. Bf4 e5 8. Bg5 a6 9. Na3 b5 10. Nab1 Be7 11. Bxf6 Bxf6 12. a4 b4 13. Nd5 Be6 14. Bc4 O-O 15. O-O Na5 16. Be2 Bxd5 17. Qxd5 Qb6 18. Rd1 Be7 19. Nd2 Rac8 20. Nc4 Nxc4 21. Bxc4 Rc5 22. Qd3 Rfc8 23. b3 a5 24. Qf3 Bf6 25. Rd3 R5c6 26. Rad1 Qd8 27. g3 Qe7 28. Rd5 Qc7 29. Qd3 Be7 30. Bb5 Rxc2 31. Bc4 Rc3 32. Qe2 Qb6 33. R5d3 Rxd3 34. Qxd3 Qc5 35. Qf3 Bf6 36. Rd5 Qb6 37. Qd3 Rc6 38. Rb5 Qc7 39. Qd5 g6 40. Rxa5 Rc5 41. Rxc5 dxc5 42. a5 Kg7 43. a6 Bg5 44. Qb7 Qa5 45. Qxf7+ Kh6 46. a7 Qa1+ 47. Kg2 Qa2 48. Bd5 Be3 49. a8=Q 1-0


[Site "https://www.chess.com"]

[Event "Titled Tuesday Blitz August 15 Early 2023"]
[White "Maluco_do_Natal_00"]
[Black "Martin, Lewis"]
[BlackFideId "410551"]
[WhiteElo "2063"]
[BlackElo "2277"]
[Result "0-1"]
[Round "8"]
[TimeControl "180+1"]
[Date "2023.08.15"]
[WhiteClock "0:00:00"]
[BlackClock "0:00:56"]
[Board "176"]

1. e4 c5 2. Nf3 d6 3. d4 cxd4 4. Nxd4 Nf6 5. Nc3 a6 6. Be3 e5 7. Nb3 Be7 8. f3 O-O 9. Qd2 Be6 10. O-O-O b5 11. g4 Nc6 12. g5 Nh5 13. Kb1 Rc8 14. Nd5 Bxd5 15. exd5 Nd4 16. Nxd4 exd4 17. Qxd4 Bxg5 18. Rg1 Bxe3 19. Qxe3 Qh4 20. Bd3 Rfe8 21. Qb6 Nf4 22. Be4 Qxh2 23. Qxa6 g6 24. c3 b4 25. c4 f5 26. Bc2 Ra8 27. Qb5 Re2 28. Qb7 Rae8 29. Rc1 Rxc2 30. Rxc2 Qxg1+ 31. Rc1 Re1 32. Qb8+ Kg7 33. Qa7+ Qxa7 0-1


[Site "https://www.chess.com"]

[Event "Titled Tuesday Blitz August 15 Early 2023"]
[White "Ai, Evan"]
[Black "Gyulamiryan-koryun"]
[WhiteFideId "2094770"]
[WhiteElo "2268"]
[BlackElo "2018"]
[Result "1-0"]
[Round "8"]
[TimeControl "180+1"]
[Date "2023.08.15"]
[WhiteClock "0:01:21"]
[BlackClock "0:00:09"]
[Board "177"]

1. e4 c5 2. Nf3 e6 3. d4 cxd4 4. Nxd4 Nf6 5. Nc3 Nc6 6. Nxc6 bxc6 7. e5 Nd5 8. Ne4 Qc7 9. f4 Qb6 10. c4 Bb4+ 11. Ke2 Ba6 12. Kf3 f5 13. exf6 Nxf6 14. Be3 Qc7 15. Nxf6+ gxf6 16. Kf2 Bd6 17. Qh5+ Ke7 18. Qh6 Rag8 19. c5 Be5 20. fxe5 Qxe5 21. Bxa6 Qxb2+ 22. Bd2 Rg6 23. Qf4 Rhg8 24. Qd6+ Ke8 25. g3 Rg5 26. Rab1 Qxa2 27. Rb8+ Kf7 28. Qxd7+ Kg6 29. Rxg8+ Kf5 30. Qd3+ Ke5 31. Re1# 1-0


[Site "https://www.chess.com"]

[Event "Titled Tuesday Blitz August 15 Early 2023"]
[White "Dilmukhametov, Artur"]
[Black "Navyblue1"]
[WhiteFideId "24179922"]
[WhiteElo "2232"]
[BlackElo "1951"]
[Result "0-1"]
[Round "8"]
[TimeControl "180+1"]
[Date "2023.08.15"]
[WhiteClock "0:00:09"]
[BlackClock "0:00:22"]
[Board "178"]

1. e4 c5 2. d4 cxd4 3. c3 Nf6 4. e5 Nd5 5. cxd4 d6 6. exd6 Qxd6 7. Nf3 Nc6 8. Nc3 Bg4 9. Be2 e6 10. O-O Be7 11. Re1 O-O 12. h3 Bh5 13. Ne4 Qc7 14. Ng3 Bxf3 15. Bxf3 Rfd8 16. a3 Bf6 17. Bxd5 Rxd5 18. Be3 Bxd4 19. Qb3 Bxe3 20. Rxe3 Rad8 21. Rc1 Qe7 22. Rec3 h6 23. Ne4 Nd4 24. Qd1 Nb5 25. Qf3 Nxc3 26. Nxc3 Rc5 27. Re1 a6 28. Qg4 Rc7 29. Re3 Qf6 30. Rg3 g6 31. Ne4 Qg7 32. h4 Rd5 33. Qf4 e5 34. Qe3 Rcd7 35. Qb3 Rd1+ 36. Kh2 Kh7 37. Qf3 R1d4 38. Nf6+ Kh8 39. Nxd7 Rxd7 40. Qc3 Kh7 41. Qc8 f6 42. Qc3 Qe7 43. Rd3 Rxd3 44. Qxd3 f5 45. h5 Kg7 46. Qg3 g5 47. Qb3 e4 48. Qc3+ Qf6 49. g3 Qxc3 50. bxc3 Kf6 51. Kg1 Ke5 52. Kf1 Kd5 53. Ke2 Kc4 54. Kd2 f4 55. gxf4 gxf4 56. Kc2 b5 57. Kb2 Kd3 58. a4 bxa4 59. Ka3 Kxc3 60. Kxa4 e3 61. Ka5 e2 62. Kxa6 e1=Q 63. Kb5 Qxf2 64. Kc6 Qg3 65. Kd5 Qg5+ 66. Ke6 Qxh5 67. Ke7 Qf3 68. Kf6 Qg3 69. Kf5 f3 70. Kf6 f2 0-1


[Site "https://www.chess.com"]